 Dungeon Sprint DCSS version 0.19.1 (webtiles) character file.

1921 equalderp2856 the Ripper (level 8, -3/41 HPs)
             Began as a Felid Fighter on Nov 29, 2016.
             Was an Elder of Trog.
             Shot with an arrow by a centaur warrior (22 damage)
             ... in the Dungeon (Sprint IX: "|||||||||||||||||||||||||||||").
             The game lasted 00:03:22 (1407 turns).

equalderp2856 the Ripper (Felid Fighter)            Turns: 1407, Time: 00:03:23

Health: -3/41      AC:  2    Str: 13    XL:     8   Next: 96%
Magic:  9/9        EV: 31    Int: 13    God:    Trog [****..]
Gold:   10         SH:  0    Dex: 16    Spells: 0 memorised, 7 levels left
                                        Lives:  0   Deaths: 2

rFire  . . .     SeeInvis +       - Unarmed
rCold  . . .     Gourm    .     (armour unavailable)
rNeg   . . .     Faith    .     (shield unavailable)
rPois  .         Spirit   .     (helmet unavailable)
rElec  .         Reflect  .     (cloak unavailable)
rCorr  .         Harm     .     (gloves unavailable)
MR     +....     NoTele   +     (boots unavailable)
Stlth  +++++.....               (no amulet)
                                m - +2 ring of evasion
                                l - +3 ring of intelligence

@: quick
A: no armour, no weapons or thrown items, stealth, claws 1, fangs 3, see
invisible, carnivore 3, speed 1, shaggy fur 2, slow metabolism 1, sharp paws
a: Berserk, Trog's Hand, Brothers in Arms, Burn Spellbooks, Renounce Religion


You were in the Dungeon.
You worshipped Trog.
Trog was greatly pleased with you.
You were not hungry.

You visited 1 branch You collected 10 gold pieces.

Inventory:

Jewellery
 l - a +3 ring of intelligence (left paw)
 m - a +2 ring of evasion (right paw)
Wands
 k - a wand of iceblast (7/15)
Scrolls
 h - 3 scrolls of blinking
 j - 4 scrolls of remove curse
 p - a scroll of identify
 q - 2 scrolls of recharging
Potions
 a - a potion of might
 c - 8 potions of curing
 d - 3 potions of heal wounds
 e - a potion of haste
 f - 4 potions of magic
 g - a potion of berserk rage
 i - a potion of invisibility
 n - a potion of brilliance
 o - 2 potions of agility
Comestibles
 b - a meat ration


   Skills:
 + Level 8.4 Fighting
 + Level 13.3 Dodging
 + Level 8.8 Stealth
 + Level 16.3 Unarmed Combat


You had 7 spell levels left.
You didn't know any spells.

Dungeon Overview and Level Annotations

Branches:
Dungeon (1/1)

Altars:
Cheibriados
Dithmenos
Elyvilon
Fedhas
Gozag
Hepliaklqana
Kikubaaqudgha
Makhleb
Nemelex Xobeh
Okawaru
Qazlal
Ru
Sif Muna
Trog
Uskayaw
Vehumet
Xom
Yredelemnul
Zin
The Shining One
Beogh
Jiyva
Lugonu


Innate Abilities, Weirdness & Mutations

You cannot wear armour.
You are incapable of wielding weapons or throwing items.
Your paws allow you to move quietly. (Stealth)
You have sharp claws.
You have razor-sharp teeth.
You have supernaturally acute eyesight. (SInv)
You are carnivorous and can eat meat at any time.
You cover ground quickly.
You are covered in thick fur. (AC +2)
You have a slow metabolism.
Your sharp claws are effective at attacking unaware monsters.


Message History

The green ugly thing poisons you!
You feel better.
The green ugly thing completely misses you.
The centaur warrior shouts!
You scratch the green ugly thing but do no damage.
The green ugly thing is almost dead.
You barely miss the green ugly thing.
The green ugly thing is almost dead.
The green ugly thing completely misses you.
The troll shouts!
You mangle the green ugly thing!!
You kill the green ugly thing!
Trog accepts your kill.
Your Unarmed Combat skill increases to level 16!
The centaur warrior wields a longbow.
The centaur warrior shoots an arrow.
The arrow hits you!
The centaur warrior shoots an arrow.
The arrow completely misses you.
The centaur warrior shoots an arrow.
The arrow hits you!!
Ouch! That really hurt!
You die...

▓▓▓▓▓▓▓▓▓▓▓▓▓▓▓▓▓▓▓▓▓▓▓▓▓▓▓▓▓▓▓▓
▓<...))....Tc..@.(______________
▓▓▓▓▓▓▓▓▓▓▓▓▓▓▓▓▓▓▓▓▓▓▓▓▓▓▓▓▓▓▓▓
▓...............................
▓.▓▓▓▓▓▓▓▓▓▓▓▓▓▓▓▓▓▓▓▓▓▓▓▓▓▓▓▓▓▓
▓.......'.....[)....?.+r.F.ltlH
▓▓▓▓▓▓▓▓▓▓▓▓▓▓▓▓▓▓▓▓▓▓▓▓▓▓▓▓▓▓▓▓
▓......)........................
▓.▓▓▓▓▓▓▓▓▓▓▓▓▓▓▓▓▓▓▓▓▓▓▓▓▓▓▓▓▓▓
▓.......((....'oooo$oo


You could see a centaur warrior and a troll.

Vanquished Creatures
  Erolcha (D)
  A manticore (D)
  An ugly thing (D)
  Maurice (D)
  A spiny frog (D)
  A basilisk (D)
  A porcupine (D)
  An ice beast (D)
  2 ogres (D)
  3 scorpions (D)
  A howler monkey (D)
  A jelly (D)
  2 adders (D)
  An orc (D)
  A bat zombie (D)
  A goblin (D)
  A hobgoblin (D)
  2 frilled lizards (D)
  A quokka skeleton (D)
  A rat (D)
25 creatures vanquished.

Notes
Turn   | Place    | Note
-------+----------+-------------------------------------------
     0 | D        | equalderp2856 the Felid Fighter began the quest for the Orb.
     0 | D        | Reached XP level 1. HP: 10/10 MP: 2/2
    71 | D        | Noticed a howler monkey
    71 | D        | Noticed an ogre
    71 | D        | Noticed a scorpion
    71 | D        | Noticed an ogre
    78 | D        | Killed a howler monkey
    78 | D        | Reached skill level 5 in Dodging
    78 | D        | Reached skill level 6 in Unarmed Combat
    78 | D        | Reached XP level 2. HP: 12/15 MP: 3/3
    78 | D        | Reached XP level 3. HP: 14/18 MP: 4/4
    85 | D        | Killed an ogre
    85 | D        | Reached skill level 5 in Fighting
    85 | D        | Reached skill level 8 in Unarmed Combat
    85 | D        | Reached XP level 4. HP: 19/23 MP: 5/5
    90 | D        | Reached skill level 9 in Unarmed Combat
    90 | D        | Reached XP level 5. HP: 22/26 MP: 6/6
    94 | D        | Killed an ogre
    94 | D        | Reached skill level 10 in Unarmed Combat
   138 | D        | Found a roughly hewn altar of Beogh.
   138 | D        | Found a snail-covered altar of Cheibriados.
   138 | D        | Found a shadowy altar of Dithmenos.
   138 | D        | Found a white marble altar of Elyvilon.
   138 | D        | Found a blossoming altar of Fedhas.
   138 | D        | Found an opulent altar of Gozag.
   139 | D        | Found a hazy altar of Hepliaklqana.
   140 | D        | Found a viscous altar of Jiyva.
   141 | D        | Found an ancient bone altar of Kikubaaqudgha.
   142 | D        | Found a corrupted altar of Lugonu.
   143 | D        | Found a burning altar of Makhleb.
   144 | D        | Found a sparkling altar of Nemelex Xobeh.
   145 | D        | Found an iron altar of Okawaru.
   146 | D        | Found a stormy altar of Qazlal.
   147 | D        | Found a sacrificial altar of Ru.
   148 | D        | Found a deep blue altar of Sif Muna.
   149 | D        | Found a bloodstained altar of Trog.
   150 | D        | Found a hide-covered altar of Uskayaw.
   151 | D        | Found a radiant altar of Vehumet.
   176 | D        | Found a shimmering altar of Xom.
   177 | D        | Found a basalt altar of Yredelemnul.
   178 | D        | Found a glowing silver altar of Zin.
   179 | D        | Found a glowing golden altar of the Shining One.
   219 | D        | Became a worshipper of Trog the Wrathful
   245 | D        | Gained mutation: You are covered in thick fur. (AC +2) [Felid growth]
   245 | D        | Reached XP level 6. HP: 31/31 MP: 7/7
   249 | D        | Reached * piety under Trog
   249 | D        | Reached skill level 1 in Stealth
   249 | D        | Reached skill level 11 in Unarmed Combat
   258 | D        | Reached ** piety under Trog
   356 | D        | Noticed a basilisk
   356 | D        | Noticed a troll
   356 | D        | Noticed a centaur warrior
   356 | D        | Noticed a green ugly thing
   356 | D        | Noticed a manticore
   356 | D        | Noticed an ice beast
   360 | D        | Killed a basilisk
   360 | D        | Reached skill level 10 in Dodging
   360 | D        | Reached skill level 12 in Unarmed Combat
   360 | D        | Reached XP level 7. HP: 20/35 MP: 8/8
   361 | D        | Slain by a troll
   362 | D        | Reached XP level 6. HP: 0/31 MP: 7/7
   401 | D        | Noticed Erolcha
   412 | D        | Killed Erolcha
   412 | D        | Reached skill level 5 in Stealth
   412 | D        | Reached skill level 13 in Unarmed Combat
   412 | D        | Reached XP level 7. HP: 4/36 MP: 8/8
   696 | D        | Noticed Maurice
   723 | D        | Killed Maurice
   723 | D        | Reached *** piety under Trog
   723 | D        | Reached skill level 14 in Unarmed Combat
   723 | D        | Reached XP level 8. HP: 29/40 MP: 9/9
   819 | D        | Noticed an orc knight
   829 | D        | Shot with a bolt by an orc knight
   830 | D        | Reached XP level 7. HP: -18/37 MP: 8/8
  1027 | D        | Noticed a spiny frog
  1027 | D        | Noticed a basilisk
  1028 | D        | Noticed a komodo dragon
  1029 | D        | Killed a spiny frog
  1029 | D        | Reached skill level 15 in Unarmed Combat
  1030 | D        | Noticed a hippogriff
  1031 | D        | Reached XP level 8. HP: 26/40 MP: 9/9
  1237 | D        | Reached **** piety under Trog
  1377 | D        | Killed a manticore
  1405 | D        | Killed a green ugly thing
  1405 | D        | Reached skill level 16 in Unarmed Combat
  1407 | D        | Shot with an arrow by a centaur warrior

Skill      XL: |  1  2  3  4  5  6  7  8 |
---------------+-------------------------+-----
Fighting       | 4 5 6 7 8 |  8.4
Dodging        | 5 7 8 11 12 13 | 13.3
Unarmed Combat | 6 8 9 10 13 15 16 | 16.3
Stealth        | 5 6 8 |  8.8

Action                   |  1- 3 |  4- 6 |  7- 9 || total
-------------------------+-------+-------+-------++-------
Melee: Unarmed           |    28 |    30 |    43 ||   101
       Bite              |     3 |     4 |     6 ||    13
       Punch             |     1 |     2 |     1 ||     4
  Use: Potion            |       |       |     1 ||     1
 Stab: Sleeping          |       |     2 |     2 ||     4
       Distracted        |       |       |     1 ||     1
Armor: Skin              |     1 |       |       ||     1
Dodge: Dodged            |    12 |    13 |    29 ||    54
